 Dungeon Crawl Stone Soup version 0.28-b1-25-g9875b3fc8c (webtiles) character file.

Game seed: 8932635237860782902

6818 sanka the Frost Mage (level 11, 0/83 HPs)
             Began as a Formicid Ice Elementalist on Feb 5, 2022.
             Was a Believer of Vehumet.
             Slain by an orc warrior (15 damage)
             ... on level 9 of the Dungeon.
             The game lasted 00:16:47 (12904 turns).

sanka the Frost Mage (Formicid Ice Elementalist)   Turns: 12904, Time: 00:16:48

Health: 0/83       AC:  4    Str:  9 (12) XL:     11   Next: 25%
Magic:  10/17      EV: 15    Int: 19 (20) God:    Vehumet [**....]
Gold:   599        SH:  5    Dex: 16 (17) Spells: 7/18 levels left

rFire   . . .      SeeInvis +   c - +4 whip (elec)
rCold   + . .      Faith    .   u - +0 buckler
rNeg    . . .      Spirit   .   p - +0 leather armour {rF+}
rPois   .          Reflect  .   (helmet unavailable)
rElec   .          Harm     .   (no cloak)
rCorr   .          Rampage  .   i - +0 pair of gloves
Will    +....                   (no boots)
Stlth   ++........              (no amulet)
HPRegen 0.23/turn               g - +6 ring of dexterity
MPRegen 0.15/turn               m - ring of ice

@: brilliant
A: permanent stasis, dig shafts and tunnels, antennae 3, four strong arms
a: Dig, Shaft Self, Renounce Religion


You were on level 9 of the Dungeon.
You worshipped Vehumet.
Vehumet was pleased with you.
You visited 2 branches of the dungeon, and saw 10 of its levels.

You collected 599 gold pieces.

Inventory:

Hand Weapons
 c - a +4 whip of electrocution (weapon)
 C - a +0 dire flail of protection
Missiles
 x - a throwing net
Armour
 i - a +0 pair of gloves (worn)
 p - a +0 leather armour of fire resistance (worn)
 u - a +0 buckler (worn)
Jewellery
 a - a ring of wizardry
 g - a +6 ring of dexterity (left hand)
 m - a ring of ice (right hand)
 v - a ring of fire
 A - a ring of resist corrosion
 B - a ring of willpower
Wands
 o - a wand of iceblast (27)
 q - a wand of paralysis (10)
 t - a wand of flame (17)
 D - a wand of polymorph (3)
Scrolls
 b - 5 scrolls of identify {unknown}
 d - a scroll of amnesia {unknown}
 e - 2 scrolls of enchant armour {unknown}
 f - a scroll of vulnerability {unknown}
 h - a scroll of fear {unknown}
 k - 2 scrolls of holy word {unknown}
 l - a scroll of teleportation {unknown}
 n - a scroll of torment {unknown}
 y - a scroll of enchant weapon {unknown}
 E - a scroll of fog {unknown}
Potions
 j - 3 potions of might


   Skills:
 + Level 6.7 Fighting
 + Level 8.4 Dodging
 - Level 2.4 Stealth
 - Level 5.0 Shields
 - Level 4.0 Spellcasting
 - Level 6.0 Conjurations
 - Level 10.0 Ice Magic


You had 7 spell levels left.
You knew the following spells:

 Your Spells              Type           Power      Damage    Failure   Level
a - Freeze                Ice            100%       1d11      1%          1
b - Frozen Ramparts       Ice            100%       1d12      1%          3
c - Ozocubu's Armour      Ice            76%        N/A       1%          3
d - Hailstorm             Conj/Ice       67%        3d14      9%          4

Your spell library contained the following spells:

 Spells                   Type           Power      Damage    Failure   Level
 Searing Ray              Conj           78%        2d7       3%          2
 Pain                     Necr           20%        1d5       22%         1
 Sting                    Tmut/Pois      20%        1d4       22%         1
 Corpse Rot               Necr/Air       10%        N/A       34%         2
 Poisonous Vapours        Pois/Air       10%        N/A       34%         2
 Sublimation of Blood     Necr           5%         N/A       34%         2
 Irradiate                Conj/Tmut      11%        3d17      88%         5
 Olgreb's Toxic Radiance  Pois           5%         N/A       92%         4
 Petrify                  Tmut/Erth      5%         N/A       92%         4
 Agony                    Necr           5%         N/A       99%         5
 Excruciating Wounds      Necr           2%         N/A       99%         5


Dungeon Overview and Level Annotations

Branches:
Dungeon (9/15)             Temple (1/1) D:5            Lair (0/6) D:9
    Orc (0/2) D:9

Altars:
Ashenzari
Cheibriados
Dithmenos
Elyvilon
Fedhas
Gozag
Hepliaklqana
Kikubaaqudgha
Makhleb
Nemelex Xobeh
Okawaru
Qazlal
Ru
Sif Muna
Trog
Uskayaw
Vehumet
Xom
Yredelemnul
Zin
The Shining One

Shops:
D:3 :


Innate Abilities, Weirdness & Mutations

You cannot be hasted, slowed, berserked, paralysed or teleported.
You can dig through walls and to a lower floor.
You have a pair of large antennae on your head. (SInv)
Your four strong arms can wield two-handed weapons with a shield.


Message History

Unknown command.
Casting: Freeze (safe; 1% risk of failure)
Confirm with . or Enter, or press ? or * to list all spells.
Aiming: Freeze (safe; 1% risk of failure)
Press: ? - help, Shift-Dir - straight line, f/p - two-headed ogre
Aim: a two-headed ogre, wielding a +0 dire flail and a +0 giant club (almost dead)
You feel a surge of power!
You freeze the two-headed ogre!
You kill the two-headed ogre!
Vehumet accepts your kill.
You feel your power returning.
The centaur zombie resists.
The wall freezes the centaur zombie.
The centaur zombie misses you. You block the centaur zombie's attack.
The wall freezes the orc warrior!
The centaur zombie resists.
The wall freezes the centaur zombie.
The centaur zombie closely misses you.
The centaur zombie kicks you but does no damage.
Unknown command.
Your frozen ramparts will break if you move.
Continue?
Okay, then.
It was a potion of cancellation.
Your magical effects are unravelling.
You feel magically purged.
The frozen ramparts melt away.
The orc warrior closely misses you. You block the centaur zombie's attack.
The centaur zombie kicks you.
* * * LOW HITPOINT WARNING * * *
It was a potion of brilliance.
You feel clever all of a sudden.
The centaur zombie barely misses you. x2
The orc warrior hits you with a +0 flail.
* * * LOW HITPOINT WARNING * * *
It was a potion of degeneration.
There was something very wrong with that liquid.
You feel weakened.
You feel dopey.
You feel clumsy. You block the centaur zombie's attack.
The centaur zombie barely misses you.
The orc warrior hits you with a +0 flail!
* * * LOW HITPOINT WARNING * * *
A deep elf pyromancer comes into view. It is wielding a +0 short sword.
The centaur zombie barely misses you. You block the centaur zombie's attack.
It was a potion of curing.
You feel better.
The orc warrior hits you with a +0 flail!
You die... #..... #.P... { .....P ### # P.P

.. .# ... # .# ..#
... #.###e# ...# .P
#..)o.#....# ..
#@Z.....#. ..###
#.###.....
......#.........
.........#.......
.....###.# {......
.........#........
...................
........###.......#
..................#


You could see a deep elf pyromancer, an orc warrior and a centaur zombie.

Vanquished Creatures
  2 two-headed ogres
  5 centaur zombies
  A komodo dragon (D:9)
  A hornet (D:5)
  Grinder (D:6)
  A wyvern (D:8)
  Eustachio (D:5)
  An acid dragon (D:9)
  2 water moccasins
  5 orc warriors
  3 black bears
  3 ice beasts
  2 sky beasts (D:7)
  2 necrophages
  An ogre (D:5)
  2 centaurs
  A phantom (D:3)
  2 gnoll sergeants
  5 bullfrogs
  5 scorpions
  A water moccasin skeleton (D:4)
  A killer bee (D:8)
  8 wights
  8 howler monkeys
  A bullfrog zombie (D:6)
  A hound (D:6)
  3 jellies
  3 orc priests
  A centaur skeleton (D:7)
  3 iguanas
  7 orc wizards
  2 killer bee zombies (D:6)
  2 howler monkey zombies
  An adder (D:5)
  9 gnolls
  An ufetubus (D:5)
  4 worms
  A dart slug (D:5)
  29 orcs
  7 endoplasms
  8 giant cockroaches
  3 goblins
  10 hobgoblins
  2 quokkas
  9 ball pythons
  7 bats
  3 frilled lizards
  11 kobolds
  4 rats
196 creatures vanquished.

Vanquished Creatures (others)
  27 fungi (D:9)
  44 plants (D:9)
71 creatures vanquished.

Grand Total: 267 creatures vanquished

Notes
Turn   | Place    | Note
-------+----------+-------------------------------------------
     0 | D:1      | sanka the Formicid Ice Elementalist began the quest for the
                  | Orb.
     0 | D:1      | Reached XP level 1. HP: 13/13 MP: 3/3
   271 | D:1      | Reached XP level 2. HP: 18/19 MP: 5/5
   771 | D:1      | Reached XP level 3. HP: 24/24 MP: 7/7
  1103 | D:2      | Learned a level 3 spell: Frozen Ramparts
  1162 | D:2      | Learned a level 3 spell: Ozocubu's Armour
  1338 | D:2      | Found a faded altar of an unknown god.
  1691 | D:2      | Identified the -4 pair of gloves of the Poles {rElec}
  1741 | D:2      | Found a sparkling altar of Nemelex Xobeh.
  2758 | D:2      | Found a faded altar of an unknown god.
  3073 | D:2      | Found a sparkling altar of Nemelex Xobeh.
  3500 | D:3      | Reached XP level 4. HP: 30/30 MP: 8/8
  3568 | D:3      | Noticed a phantom
  3573 | D:3      | Killed a phantom
  3574 | D:3      | Reached skill level 5 in Ice Magic
  3574 | D:3      | Reached XP level 5. HP: 26/35 MP: 8/11
  3684 | D:3      | Found Seffellia's Book Boutique.
  4467 | D:4      | Noticed a water moccasin
  4474 | D:4      | Killed a water moccasin
  4475 | D:4      | Reached skill level 6 in Ice Magic
  4475 | D:4      | Reached XP level 6. HP: 28/41 MP: 3/12
  4699 | D:4      | Noticed a +0 falchion
  4699 | D:4      | Noticed a +0 spear
  4699 | D:4      | Noticed a +0 short sword
  4700 | D:4      | Noticed a +0 short sword
  4700 | D:4      | Noticed a +0 dagger
  4701 | D:4      | Noticed a +0 falchion
  4701 | D:4      | Noticed a +0 spear
  4702 | D:4      | Noticed a +0 dagger
  4711 | D:4      | Found a hide-covered altar of Uskayaw.
  4819 | D:4      | Found a sparkling altar of Nemelex Xobeh.
  4830 | D:4      | Reached skill level 7 in Ice Magic
  4830 | D:4      | Reached XP level 7. HP: 33/46 MP: 10/13
  5414 | D:5      | Entered Level 5 of the Dungeon
  5877 | D:5      | Found a staircase to the Ecumenical Temple.
  5885 | Temple   | Entered the Ecumenical Temple
  6106 | Temple   | Became a worshipper of Vehumet
  6139 | D:5      | Reached skill level 8 in Ice Magic
  6291 | D:5      | Noticed Eustachio
  6293 | D:5      | Noticed a hornet
  6316 | D:5      | Killed a hornet
  6317 | D:5      | Reached XP level 8. HP: 12/52 MP: 5/14
  6319 | D:5      | Killed Eustachio
  6320 | D:5      | Reached skill level 9 in Ice Magic
  6322 | D:5      | HP: 3/78 [poisoned by a hornet]
  6324 | D:5      | HP: 1/78 [poisoned by a hornet]
  6711 | D:5      | Found a shimmering blue altar of Sif Muna.
  6767 | D:5      | Found a hazy altar of Hepliaklqana.
  7266 | D:5      | Reached skill level 10 in Ice Magic
  7271 | D:5      | Learned a level 4 spell: Hailstorm
  7397 | D:6      | Reached skill level 1 in Fighting
  7584 | D:6      | Reached XP level 9. HP: 30/64 MP: 13/15
  8551 | D:6      | Reached skill level 5 in Fighting
  8618 | D:6      | Noticed Grinder
  8629 | D:6      | Killed Grinder
  8630 | D:6      | Reached skill level 5 in Dodging
  9667 | D:7      | Found a sacrificial altar of Ru.
  9716 | D:7      | Reached skill level 1 in Shields
  9716 | D:7      | Reached XP level 10. HP: 67/76 MP: 11/16
  9901 | D:7      | Reached * piety under Vehumet
  9901 | D:7      | Offered knowledge of Magic Dart by Vehumet.
 10293 | D:7      | Found a bloodstained altar of Trog.
 10296 | D:7      | Found a glowing silver altar of Zin.
 10297 | D:7      | Found a snail-covered altar of Cheibriados.
 10763 | D:8      | Reached skill level 5 in Shields
 11391 | D:8      | Noticed a two-headed ogre
 11409 | D:8      | Killed a two-headed ogre
 12277 | D:9      | Reached ** piety under Vehumet
 12277 | D:9      | Offered knowledge of Searing Ray by Vehumet.
 12435 | D:9      | Noticed a komodo dragon
 12446 | D:9      | Killed a komodo dragon
 12447 | D:9      | Reached XP level 11. HP: 78/81 MP: 13/17
 12495 | D:9      | Reached skill level 5 in Conjurations
 12728 | D:9      | Found a staircase to the Lair.
 12876 | D:9      | Found a staircase to the Orcish Mines.
 12892 | D:9      | Noticed a two-headed ogre
 12900 | D:9      | Killed a two-headed ogre
 12903 | D:9      | HP: 3/83 [orc warrior (9)]
 12903 | D:9      | Noticed a deep elf pyromancer
 12904 | D:9      | Slain by an orc warrior

Illustrated notes

Levels and vault maps discovered:
D:1:      dpeg_arrival_shrine, layout_loops_ring, hex_large,
          nicolae_concentric_dashed_squares_wild,
          corexii_item_surrounded_by_moat, hangedman_glass_teeth,
          roderic_cross_of_infinity, chequers_serial_rivers_small_a
D:2:      layout_loops_corners, basic_ecumenical_altar, basic_altar,
          serial_rivers, chequers_serial_rivers_micro_e,
          chequers_serial_rivers_marsh, chequers_serial_rivers_large_a,
          chequers_serial_rivers_micro_d, chequers_serial_rivers_large_b
D:3:      layout_basic, serial_shops, nicolae_shop_stone
D:4:      layout_rooms, nemelex_dance_club_becter, nicolae_uskayaw_en_pointe
D:5:      layout_cave_pools, overflow_temple_1_default,
          nicolae_overflow_crystal_walls, minmay_temple_entry_glassed_door,
          serial_column_ruins, column_ruins_hut_pillars, column_ruins_open_tiny,
          column_ruins_corridor_dead_end, column_ruins_open_medium,
          column_ruins_corridor_straight, column_ruins_corridor_straight,
          minmay_misc_feat_ornament, kennysheep_small_spiral, uniq_eustachio
D:6:      minmay_evil_eye, layout_basic, uniq_grinder
D:7:      layout_rooms, minitemple, nicolae_ru_great_annihilating_truth
D:8:      minmay_angry_zag, layout_basic
D:9:      hangedman_cross_stitches, layout_irregular_city,
          pdpol_wu_jian_five_deadly_venoms, due_lair_maze_entry_diamond
Temple:   nicolae_temple_figure_eight

Skill      XL: |  1  2  3  4  5  6  7  8  9 10 11 |
---------------+----------------------------------+-----
Spellcasting   | 3 4 |  4.0
Ice Magic      | 5 6 7 8 10 | 10.0
Dodging        | 3 6 8 |  8.4
Fighting       | 3 6 |  6.7
Shields        | 1 5 |  5.0
Conjurations   | 4 6 |  6.0
Stealth        | |  2.4

Action                   |  1- 3 |  4- 6 |  7- 9 | 10-12 || total
-------------------------+-------+-------+-------+-------++-------
Melee: Unarmed           |     3 |       |       |       ||     3
       Whip              |    14 |    27 |    80 |   116 ||   237
       Punch             |       |     1 |     3 |       ||     4
 Cast: Freeze            |    48 |    18 |    68 |    63 ||   197
       Frozen Ramparts   |       |     3 |     9 |    18 ||    30
       Ozocubu's Armour  |       |       |     9 |    13 ||    22
       Hailstorm         |       |       |       |     2 ||     2
Evoke: Wand              |       |       |     3 |       ||     3
  Use: Potion            |       |       |     3 |     4 ||     7
 Stab: Sleeping          |       |     2 |     2 |     2 ||     6
       Paralysed         |       |       |     4 |       ||     4
Armor: Robe              |     8 |     9 |     3 |       ||    20
       Leather armour    |       |       |    54 |    40 ||    94
Dodge: Dodged            |    41 |    24 |    86 |   127 ||   278
Block: Buckler           |       |       |     1 |    47 ||    48
